cohdb
Replays
Latest Replays
All Replays
Popular Replays
Top Player Replays
Match Explorer
How It Works
Community
CoH3 Stats
Reddit
Sign in to upload your games and track your stats! →
Sign in with Steam
Match 41619522
Unlisted
Match 41619522
Overview
Messages
Build Orders
End
Engineer Squad
Construct Weapon Support Center
Bazooka Squad
M1919 Machine Gun Team
M1919 Machine Gun Team
Bazooka Squad
Construct Barracks
M1 Mortar Team
Riflemen Squad
Riflemen Squad
Air Support Center
Construct Medical Station
P-47 Strafing Run
Grenade Package
M1918 Browning Automatic Rifles
Grasshopper Recon Run
P-47 Strafing Run
Riflemen Squad
Grasshopper Recon Run
Construct Tank Depot
Selects Armored Battlegroup
Selects Strength in Steel
Selects M8 Scott SPG
Grasshopper Recon Run
P-47 Dive Bomb
M8 Scott SPG
Selects Veteran Crews
P-47 Strafing Run
M18 Hellcat Tank Destroyer
P-47 Dive Bomb
Construct Motor Pool
Selects M31 Recovery Vehicle
Selects UNKNOWN (2160077)
Grasshopper Recon Run
P-47 Dive Bomb
Grasshopper Recon Run
M4A3E8 Sherman Easy Eight
P-47 Dive Bomb
M3 Armored Personnel Carrier
Grasshopper Recon Run
P-47 Strafing Run
M1 Anti-tank Gun Team
M4A3E8 Sherman Easy Eight
Grasshopper Recon Run
M1 Anti-tank Gun Team
P-47 Strafing Run
Engineer Squad
oberlet
Candi
Juggermarc
Lord Admiral Pickwick
Nuclear Viking
Vanguard
0
0
Comments
sign in to comment!
No comments posted yet!